 Dungeon Crawl Stone Soup version 0.27.1-3-gb3d3a73c9e (webtiles) character file.

Game seed: 16003187323481121878

108297 karkarkar the Severer (level 16, -7/147 HPs)
             Began as a Minotaur Fighter on Oct 17, 2021.
             Was an Elder of the Shining One.
             Mangled by a wolf spider (8 damage)
             ... on level 4 of the Lair of Beasts.
             The game lasted 02:15:02 (33594 turns).

karkarkar the Severer (Minotaur Fighter)           Turns: 33594, Time: 02:15:03

Health: -7/147     AC: 23    Str: 25    XL:     16   Next: 2%
Magic:  15/21      EV: 16    Int:  6    God:    the Shining One [****..]
Gold:   2080       SH: 25    Dex: 18    Spells: 15/15 levels left

rFire    + + .     SeeInvis .   a - +2 broad axe (vorpal)
rCold    + + .     Faith    +   c - +0 kite shield
rNeg     + + .     Spirit   .   R - +7 chain mail of the Carved Griffon {rF+ rC+}
rPois    .         Reflect  .   I - +0 hat
rElec    .         Harm     .   v - scarf {rC+ rF+}
rCorr    .         Rampage  .   i - +0 pair of gloves
Will     +....                  h - +2 pair of boots {Fly}
Stlth    ..........             r - amulet of faith
HPRegen  0.34/turn              P - +6 ring of dexterity
MPRegen  0.17/turn              x - +4 ring of evasion

@: divinely shielded, flying, glowing
A: horns 2, retaliatory headbutt
a: Renounce Religion, Divine Shield, Cleansing Flame


You were on level 4 of the Lair of Beasts.
You worshipped the Shining One.
The Shining One was greatly pleased with you.
You visited 6 branches of the dungeon, and saw 26 of its levels.
You also visited: Bailey.

You collected 3225 gold pieces.
You spent 1145 gold pieces at shops.

Inventory:

Hand Weapons
 a - a +2 vorpal broad axe (weapon)
 b - a +4 scimitar of flaming
Missiles
 f - 69 poisoned darts
 t - 8 curare-tipped darts
 w - 17 javelins
 O - 7 throwing nets
Armour
 c - a +0 kite shield (worn)
 h - a +2 pair of boots of flying (worn)
 i - a +0 pair of gloves (worn)
 v - a scarf of resistance (worn)
 I - a +0 hat (worn)
 K - a +1 pair of boots of rampaging
 M - a +0 plate armour
 R - the +7 chain mail of the Carved Griffon (worn) {rF+ rC+}
   (You found it on level 1 of the Lair of Beasts)

   rF:        It protects you from fire.
   rC:        It protects you from cold.
Jewellery
 r - an amulet of faith (around neck)
 s - a ring of see invisible
 x - a +4 ring of evasion (right hand)
 y - a +6 ring of intelligence
 N - a ring of positive energy
 P - a +6 ring of dexterity (left hand)
Wands
 e - a wand of mindburst (7)
 o - a wand of flame (25)
 q - a wand of acid (3)
 E - a wand of polymorph (23)
 F - a wand of iceblast (7)
Scrolls
 l - 2 scrolls of enchant armour
 m - 3 scrolls of amnesia
 u - 3 scrolls of immolation
 B - 3 scrolls of noise
 G - a scroll of vulnerability
 J - 6 scrolls of teleportation
 S - a scroll of summoning
 X - a scroll of fog
Potions
 d - 5 potions of mutation
 g - a potion of cancellation
 k - 5 potions of attraction
 n - 3 potions of lignification
 p - a potion of flight
 z - 3 potions of might
 A - 5 potions of curing
 C - a potion of invisibility {unknown}
 H - 8 potions of brilliance
 Q - 7 potions of ambrosia
 V - 2 potions of degeneration {unknown}
 W - 2 potions of haste
Miscellaneous
 L - a phial of floods
 Y - a tin of tremorstones (2/2)
 Z - a box of beasts (inert)


   Skills:
 + Level 14.5 Fighting
 - Level 0.8 Long Blades
 - Level 18.0 Axes
 - Level 1.7 Throwing
 + Level 10.6 Armour
 + Level 6.3 Dodging
 - Level 0.8 Stealth
 - Level 15.0 Shields
 + Level 8.9 Invocations
 - Level 10.0 Evocations


You had 15 spell levels left.
You didn't know any spells.
Your spell library contained the following spells:

 Spells                   Type           Power      Damage    Failure   Level
 Freeze                   Ice            0%         1d3       94%         1
 Summon Small Mammal      Summ           0%         N/A       94%         1
 Slow                     Hex            0%         N/A       98%         2
 Call Canine Familiar     Summ           0%         N/A       100%        3
 Confusing Touch          Hex            0%         N/A       100%        3
 Conjure Flame            Conj/Fire      0%         6-21      100%        3
 Frozen Ramparts          Ice            0%         1d2       100%        3
 Gell's Gravitas          Tloc           0%         N/A       100%        3
 Ignite Poison            Fire/Tmut/Pois 0%         N/A       100%        3
 Lesser Beckoning         Tloc           0%         N/A       100%        3
 Portal Projectile        Hex/Tloc       0%         N/A       100%        3
 Summon Guardian Golem    Hex/Summ       0%         N/A       100%        3
 Teleport Other           Tloc           0%         N/A       100%        3
 Hailstorm                Conj/Ice       0%         3d3       100%        4
 Leda's Liquefaction      Hex/Erth       0%         N/A       100%        4
 Passage of Golubria      Tloc           N/A        N/A       100%        4
 Petrify                  Tmut/Erth      0%         N/A       100%        4
 Sticky Flame             Conj/Fire      0%         2d3       100%        4
 Fireball                 Conj/Fire      0%         3d3       100%        5
 Iskenderun's Battlesphe  Conj           0%         2d6       100%        5
 Metabolic Englaciation   Hex/Ice        0%         N/A       100%        5
 Silence                  Hex/Air        0%         N/A       100%        5
 Yara's Violent Unravell  Hex/Tmut       0%         3d3       100%        5
 Conjure Ball Lightning   Conj/Air       0%         3x3d6     100%        6
 Statue Form              Tmut/Erth      0%         N/A       100%        6
 Orb of Destruction       Conj           0%         N/A       100%        7
 Spellforged Servitor     Conj/Summ      0%         N/A       100%        7
 Lehudib's Crystal Spear  Conj/Erth      0%         10d2      100%        8


Dungeon Overview and Level Annotations

Branches:
Dungeon (15/15)            Temple (1/1) D:5            Lair (6/6) D:11
  Swamp (0/4) Lair:4       Spider (1/4) Lair:4        Slime (0/5) Lair:5
    Orc (2/2) D:10            Elf (1/3) Orc:2        Vaults (0/5) D:13
 Depths (0/5) D:15         Bailey (visited)

Altars:
Ashenzari
Cheibriados
Dithmenos
Elyvilon
Fedhas
Gozag
Hepliaklqana
Kikubaaqudgha
Makhleb
Nemelex Xobeh
Okawaru
Qazlal
Ru
Sif Muna
Trog
Uskayaw
Vehumet
Wu Jian
Xom
Yredelemnul
Zin
The Shining One
Beogh
Jiyva

Shops:
D:11 *   D:14 :   Orc:1 !   Orc:2 *=([*

Annotations:
D:4 return
D:8 2 transporters
D:10 Sonja
Lair:4 Donald


Innate Abilities, Weirdness & Mutations

You have a pair of horns on your head.
You reflexively headbutt those who attack you in melee.


Message History

The wolf spider bites you!
* * * LOW HITPOINT WARNING * * *
You block Donald's attack. The wolf spider closely misses you.
You block the wolf spider's attack. The wolf spider closely misses you.
The wolf spider bites you but does no damage.
You feel better. You block Donald's attack. You block the wolf spider's attack.
The wolf spider bites you but does no damage.
The wolf spider closely misses you. The wolf spider bites you.
* * * LOW HITPOINT WARNING * * *
You are too injured to fight recklessly!
You slice the wolf spider!! Your headbutt misses the wolf spider.
The wolf spider is almost dead.
Donald blocks your attack.
You slash the wolf spider!
Donald hits you with a +2 scimitar of protection!!
* * * LOW HITPOINT WARNING * * *
The wolf spider closely misses you. You furiously retaliate!
You headbutt the wolf spider.
The wolf spider bites you but does no damage.
You block the wolf spider's attack. The wolf spider barely misses you.
You block Donald's attack. The wolf spider misses you. You furiously retaliate!
You headbutt the wolf spider. You block the wolf spider's attack. x3
The wolf spider hits you.
* * * LOW HITPOINT WARNING * * *
You block the wolf spider's attack. You block the wolf spider's attack.
The wolf spider misses you.
The wolf spider splashes around in the water.
You block the wolf spider's attack.
As you read the scroll of summoning, it crumbles to dust.
Wisps of shadow whirl around you... You block Donald's attack.
The wolf spider barely misses you. You block the wolf spider's attack.
The wolf spider hits you.
* * * LOW HITPOINT WARNING * * *
The wolf spider bites you but does no damage.
Donald barely misses you.
The wolf spider hits your wolf but does no damage.
The wolf spider splashes around in the water.
Your wolf closely misses the wolf spider.
The wolf spider hits you!
You die...

####..P###...≈≈≈.≈≈≈.............
............≈.≈≈.≈≈.≈............
............≈≈.≈.≈.≈≈............
............≈≈≈...≈≈≈............
..###.##........>................
..###.###...≈≈F†h.≈≈≈≈#.....P#..#
.......##...≈≈.≈hsF≈≈##.....#####
..P....##...≈.≈@sh≈.≈.#.....PP...
.......##<...≈≈≈@h≈≈.#......+P...
..##...##.....##≈F....#.....##...
..P#...#......###...##......##...
..'....##......##....##.....##...
...#..###......##..[###.....##...
...##.###.....#########.....##.##
..............#######.......#.###
........>......<.................
.................................


You could see Donald (fast, strong, ally target), 2 wolf spiders, a friendly
cane toad (summoned), 4 friendly wolves and 2 friendly bullfrogs.

Vanquished Creatures
  Saint Roka (Orc:2)
  A fire giant (D:12)
  Azrael (D:13)
  A fire dragon (Lair:6)
  A yaktaur captain (D:12)
  A vault guard (D:13)
  Harold (D:11)
  5 hydras
  2 catoblepae
  2 death knights
  8 centaur warriors
  Erica (D:11)
  3 boulder beetles
  2 dancing weapons (Orc:2)
  13 death yaks
  An orc high priest (Orc:2)
  4 tengu warriors
  4 two-headed ogres
  Urug (Orc:2)
  Nergalle (Lair:2)
  4 skeletal warriors (D:14)
  A wolf spider zombie (D:15)
  A wizard (D:15)
  4 orc knights
  A lindwurm (Lair:6)
  A deep elf pyromancer (D:12)
  3 cyclopes
  A necromancer (D:15)
  14 ugly things
  A manticore (D:12)
  3 orc sorcerers
  A will-o-the-wisp (Lair:4)
  5 elephants (Lair:3)
  Maurice (D:11)
  2 centaur zombies (D:11)
  2 torpor snails
  A naga mage (D:15)
  9 black mambas
  2 gargoyles
  10 cane toads
  2 molten gargoyles (Lair:6)
  An efreet (D:12)
  2 unseen horrors (D:12)
  7 rime drakes
  4 komodo dragons
  2 freezing wraiths
  5 yaktaurs (D:15)
  A tengu conjurer (D:14)
  A queen bee (Lair:1)
  10 trolls
  A hornet (Lair:4)
  A polar bear (Lair:6)
  7 slime creatures (D:12)
  12 blink frogs
  9 dream sheep
  The ghost of 12sPaWn12 the Covered, an amateur GrFi (D:4)
  An air elemental (Orc:2)
  2 centaur simulacra
  Sigmund (D:3)
  A tarantella (Spider:1)
  2 wraiths (D:12)
  6 redbacks
  2 shadows
  54 yaks
  A water elemental (Orc:2)
  6 wyverns
  5 steam dragons
  5 basilisks
  10 humans (D:13)
  6 fire elementals
  A vampire mosquito (D:11)
  A steam dragon (shapeshifter) (D:12)
  2 wargs
  3 acid dragons
  8 hell hounds
  14 water moccasins
  A sky beast (D:4)
  An ice beast (D:5)
  35 orc warriors
  5 black bears
  2 hornet zombies
  3 boggarts (D:15)
  2 necrophages (D:4)
  3 ogres
  17 centaurs
  4 wolves (Lair:5)
  2 phantoms
  A wyvern zombie (D:7)
  3 kobold brigands
  13 bullfrogs
  A gnoll sergeant (D:5)
  A water moccasin zombie (D:6)
  2 scorpions
  A hornet simulacrum (D:15)
  A water moccasin skeleton (D:5)
  39 killer bees
  4 wights (D:10)
  3 electric eels
  6 howler monkeys
  A bullfrog zombie (D:7)
  4 lava snakes (Lair:6)
  4 crimson imps (D:4)
  A hound (D:5)
  26 orc priests
  3 gnoll shamans
  2 jellies
  3 centaur skeletons
  An iguana (D:5)
  27 orc wizards
  A mummy (D:6)
  19 gnolls
  A howler monkey skeleton (D:6)
  3 river rats (D:5)
  2 adders
  2 white imps
  3 ufetubi
  3 worms
  A dart slug (D:1)
  82 orcs
  6 ball pythons
  6 bats
  7 endoplasms
  4 giant cockroaches
  7 hobgoblins
  4 jackals (D:2)
  40 kobolds
  A quokka (D:2)
  10 frilled lizards
  12 goblins
  5 rats
759 creatures vanquished.

Vanquished Creatures (collateral kills)
  2 wizards (D:15)
  A deep elf pyromancer (D:15)
3 creatures vanquished.

Vanquished Creatures (others)
  A human (D:13)
  A basilisk (Lair:6)
  An orc priest (D:7)
  An orc (Orc:2)
  4 foxfires (Lair:4)
  33 fungi
  27 plants
68 creatures vanquished.

Grand Total: 830 creatures vanquished

Notes
Turn   | Place    | Note
-------+----------+-------------------------------------------
     0 | D:1      | karkarkar the Minotaur Fighter began the quest for the Orb.
     0 | D:1      | Reached XP level 1. HP: 19/19 MP: 0/0
    58 | D:1      | Reached XP level 2. HP: 27/27 MP: 1/1
   334 | D:1      | Reached skill level 3 in Axes
   410 | D:1      | Reached XP level 3. HP: 33/33 MP: 2/2
   522 | D:1      | Found a faded altar of an unknown god.
   618 | D:2      | Reached XP level 4. HP: 32/40 MP: 3/3
   768 | D:2      | You fall into a shaft and drop 2 floors!
   808 | D:4      | Noticed a necrophage
   881 | D:4      | Noticed a necrophage
   885 | D:4      | Killed a necrophage
   886 | D:4      | Reached skill level 4 in Axes
   886 | D:4      | Reached XP level 5. HP: 46/46 MP: 4/4
   888 | D:4      | Noticed a black bear
   905 | D:4      | Killed a black bear
   906 | D:4      | Reached skill level 5 in Axes
   906 | D:4      | Reached skill level 1 in Dodging
   969 | D:4      | Reached XP level 6. HP: 43/53 MP: 5/5
   975 | D:4      | Reached skill level 6 in Axes
  1126 | D:4      | Noticed a sky beast
  1161 | D:4      | Killed a sky beast
  1162 | D:4      | Reached skill level 5 in Armour
  1530 | D:4      | Reached skill level 5 in Shields
  1530 | D:4      | Reached XP level 7. HP: 58/60 MP: 6/6
  1701 | D:4      | Found a runed translucent gate.
  1834 | D:3      | Found a radiant altar of Vehumet.
  1921 | D:3      | Reached skill level 7 in Axes
  3064 | D:3      | Noticed Sigmund
  3081 | D:3      | Killed Sigmund
  3082 | D:3      | Reached skill level 5 in Fighting
  3306 | D:4      | Found a shimmering altar of Xom.
  3349 | D:4      | Reached XP level 8. HP: 53/68 MP: 7/7
  3457 | D:4      | Reached skill level 8 in Axes
  3802 | D:4      | Found a runed translucent gate.
  3804 | D:4      | Found a runed translucent gate.
  3806 | D:4      | Noticed 12sPaWn12's ghost (amateur GrFi)
  3812 | D:4      | Identified the +1 plate armour of Noenameh {rC++}
  3992 | D:5      | Entered Level 5 of the Dungeon
  4353 | D:5      | Found a staircase to the Ecumenical Temple.
  4371 | D:5      | Reached skill level 9 in Axes
  4939 | Temple   | Entered the Ecumenical Temple
  5167 | Temple   | Became a worshipper of the Shining One
  5306 | D:6      | Found a snail-covered altar of Cheibriados.
  5656 | D:6      | Found a stormy altar of Qazlal.
  6071 | D:6      | Reached XP level 9. HP: 74/75 MP: 8/8
  6073 | D:6      | Reached * piety under the Shining One
  6490 | D:7      | Reached skill level 1 in Evocations
  6605 | D:7      | Reached skill level 10 in Axes
  7244 | D:7      | Found a shimmering blue altar of Sif Muna.
  7475 | D:8      | Found an ornate altar of the Wu Jian Council.
  7560 | D:8      | Reached ** piety under the Shining One
  7831 | D:8      | Reached skill level 11 in Axes
  7860 | D:8      | Reached XP level 10. HP: 47/84 MP: 9/9
  8079 | D:8      | Noticed a boulder beetle
  8080 | D:8      | Found a transporter.
  8080 | D:8      | Found a sparkling altar of Nemelex Xobeh.
  8081 | D:8      | Found an iron altar of Okawaru.
  8083 | D:8      | Found an opulent altar of Gozag.
  8394 | D:8      | Found a hide-covered altar of Uskayaw.
  8696 | D:8      | Reached skill level 1 in Invocations
  8798 | D:8      | Found a transporter.
  8868 | D:8      | Found a sacrificial altar of Ru.
  8964 | D:8      | Found a blossoming altar of Fedhas.
  9626 | D:9      | Found a shadowy altar of Dithmenos.
  9656 | D:9      | Reached skill level 12 in Axes
 10067 | D:9      | Reached *** piety under the Shining One
 10451 | D:10     | Entered Level 10 of the Dungeon
 10451 | D:10     | Found a staircase to the Orcish Mines.
 10711 | D:10     | Noticed a gargoyle
 10724 | D:10     | Killed a gargoyle
 11483 | D:11     | Noticed Erica
 11498 | D:11     | Killed Erica
 11499 | D:11     | Reached skill level 13 in Axes
 11499 | D:11     | Reached XP level 11. HP: 47/94 MP: 9/12
 11499 | D:11     | Noticed Sonja
 12014 | D:11     | Found Vicimopp's Mayhem Merchandise.
 12021 | D:11     | Bought a +0 broad axe for 64 gold pieces
 12142 | D:11     | Found a staircase to the Lair.
 12335 | D:11     | Reached skill level 10 in Shields
 12343 | D:11     | Reached skill level 5 in Evocations
 12346 | D:11     | Noticed a two-headed ogre
 12360 | D:11     | Killed a two-headed ogre
 12361 | D:11     | Reached skill level 1 in Throwing
 12469 | D:11     | Noticed a death knight
 12849 | D:4      | Killed 12sPaWn12's ghost
 13114 | Lair:1   | Entered Level 1 of the Lair of Beasts
 13675 | Lair:1   | Noticed a five-headed hydra
 13681 | Lair:1   | Killed a one-headed hydra
 13948 | Lair:1   | Identified the +7 chain mail of the Carved Griffon {rF+
                  | rC+}
 14061 | Lair:1   | Noticed a death yak
 14078 | Lair:1   | Killed a death yak
 14417 | Lair:1   | Noticed a death yak
 14420 | Lair:1   | Reached **** piety under the Shining One
 14431 | Lair:1   | Killed a death yak
 14432 | Lair:1   | Reached XP level 12. HP: 96/104 MP: 13/13
 14946 | Lair:2   | Noticed Nergalle
 14958 | Lair:2   | Killed Nergalle
 16076 | Lair:3   | Reached skill level 10 in Fighting
 16694 | Lair:4   | Found a hole to the Spider Nest.
 16726 | Lair:4   | Reached skill level 15 in Shields
 16943 | Lair:4   | Found a staircase to the Swamp.
 17189 | Lair:4   | Noticed a death yak
 17199 | Lair:4   | Killed a death yak
 17199 | Lair:4   | Noticed a death yak
 17223 | Lair:4   | Killed a death yak
 17661 | Lair:4   | Reached XP level 13. HP: 70/116 MP: 10/14
 18649 | Lair:5   | Reached skill level 14 in Axes
 19065 | Lair:5   | Found a staircase to the Slime Pits.
 19065 | Lair:5   | Found a viscous altar of Jiyva.
 19100 | Lair:5   | Reached skill level 15 in Axes
 19855 | Lair:5   | Identified the +1 robe of Haunted Knowledge {rC+ Str+3
                  | Int-4 Archmagi}
 19930 | Lair:6   | Entered Level 6 of the Lair of Beasts
 19972 | Lair:6   | Reached skill level 16 in Axes
 21226 | Lair:6   | Reached skill level 17 in Axes
 21230 | Lair:6   | Reached XP level 14. HP: 124/124 MP: 12/15
 22023 | Lair:6   | Found a large runed translucent door.
 22024 | Lair:6   | Found a large runed translucent door.
 22037 | Lair:6   | Reached ***** piety under the Shining One
 22615 | Orc:1    | Entered Level 1 of the Orcish Mines
 22750 | Orc:2    | Entered Level 2 of the Orcish Mines
 22750 | Orc:2    | Found Kyoleof's General Store.
 22872 | Orc:2    | Found a staircase to the Elven Halls.
 22994 | Orc:1    | Found Elagoeme's Distillery.
 23049 | Orc:1    | Reached skill level 18 in Axes
 23573 | Orc:2    | Noticed Urug
 23795 | Orc:2    | Killed Urug
 23938 | Orc:2    | Noticed Saint Roka
 24350 | Orc:2    | Killed Saint Roka
 24351 | Orc:2    | Reached skill level 5 in Invocations
 24735 | Orc:2    | Bought a scroll of teleportation for 48 gold pieces
 24735 | Orc:2    | Bought a scroll of teleportation for 48 gold pieces
 24813 | Orc:2    | Found Zuiruvemp's Antique Armour Shop.
 25044 | Orc:2    | Found Myewy's Antique Weapon Shop.
 25063 | Orc:2    | Found Sedgh's General Store.
 25070 | Orc:2    | Bought a scroll of identify for 32 gold pieces
 25070 | Orc:2    | Bought a scroll of identify for 32 gold pieces
 25070 | Orc:2    | Bought a potion of haste for 160 gold pieces
 25241 | Orc:2    | Found Gustryac's Jewellery Shop.
 25496 | Orc:2    | Bought a runed broad axe for 168 gold pieces
 25496 | Orc:2    | Bought a shimmering broad axe for 216 gold pieces
 25496 | Orc:2    | Identified the +3 broad axe "Bakhov" {drain, Drain rElec
                  | rC++ rCorr} (You bought it in a shop on level 2 of the
                  | Orcish Mines)
 25519 | Orc:2    | Bought a pair of glowing boots for 225 gold pieces
 25580 | Orc:2    | Bought a scroll of enchant armour for 120 gold pieces
 25580 | Orc:2    | Bought a scroll of identify for 32 gold pieces
 25870 | D:11     | Noticed Maurice
 25884 | D:11     | Killed Maurice
 26019 | D:11     | Noticed Harold
 26059 | D:11     | Killed Harold
 26789 | D:12     | Reached skill level 10 in Evocations
 27107 | D:12     | Reached XP level 15. HP: 113/130 MP: 19/19
 27236 | D:12     | Reached skill level 5 in Dodging
 27828 | D:12     | Noticed a fire giant
 28407 | D:12     | Killed a fire giant
 29068 | D:13     | Identified the +5 dagger of Zamapn {vamp, rN+ Str-3 Int+4}
 29123 | D:13     | Found a gate to the Vaults.
 29429 | D:13     | Noticed Azrael
 29441 | D:13     | Killed Azrael
 29740 | D:14     | Found Dasurixt's Book Emporium.
 29819 | D:14     | Found a flagged portal.
 29842 | Bailey   | Entered a bailey
 30207 | Bailey   | Identified the +7 hand axe of Zuana {vamp, rC+}
 30222 | Bailey   | Identified the +3 chain mail of Lolahut {Dex+2}
 30740 | D:14     | Found the +2 ratskin cloak {*Rats rPois rN+ Str-1 Int-1
                  | Dex+1}
 30771 | D:14     | Found a hide-covered altar of Uskayaw.
 31431 | D:15     | Entered Level 15 of the Dungeon
 31616 | D:15     | Reached skill level 10 in Armour
 32557 | D:15     | Found a staircase to the Depths.
 32812 | Elf:1    | Entered Level 1 of the Elven Halls
 32814 | Elf:1    | Paralysed by an air elemental for 1 turns
 33010 | Elf:1    | Paralysed by an air elemental for 1 turns
 33013 | Orc:2    | Paralysed by an air elemental for 1 turns
 33016 | Orc:2    | Paralysed by an air elemental for 1 turns
 33016 | Orc:2    | HP: 6/139 [+3 flail of protection (4)]
 33019 | Orc:2    | Paralysed by an air elemental for 1 turns
 33030 | Orc:2    | Reached XP level 16. HP: 30/147 MP: 21/21
 33569 | Spider:1 | Entered Level 1 of the Spider Nest
 33569 | Spider:1 | Noticed Donald
 33589 | Lair:4   | HP: 7/147 [Donald (27)]
 33590 | Lair:4   | HP: 2/147 [wolf spider (5)]
 33594 | Lair:4   | Mangled by a wolf spider

Illustrated notes

Levels and vault maps discovered:
D:1:      amcnicky_arrival_single_pillar, layout_basic,
          hellmonk_ecumenical_altar_crossroads
D:2:      layout_rooms, kennysheep_generic_room_7
D:3:      layout_loops_corners, vehumet_altar_wand_db, uniq_sigmund
D:4:      layout_basic, led_xom_imps, biasface_ghost_orc_armoury, serial_glass,
          glass_columns_a, glass_columns_a, glass_columns_a, glass_columns_b,
          glass_columns_c, glass_columns_b, glass_columns_b, glass_columns_b,
          glass_columns_c, glass_columns_a, corexii_shack
D:5:      cheibrodos_iron_armory, layout_basic, minmay_temple_entry_arrows,
          portal_sewer_entry_b
D:6:      layout_basic, overflow_temple_1_default, slow_altar_1
D:7:      layout_cave_pools, mainiacjoe_overflow_paths
D:8:      layout_basic, mainiacjoe_overflow_catwalk, lemuel_doored_altar,
          nicolae_overflow_crystal_walls, kennysheep_mini,
          gammafunk_temple_overflow_arena, lightli_ossuary_entry_decrepit_ruins
D:9:      layout_grid_maze, grunt_dithmenos_smoke_and_mirrors, dk_noncrumbling_2
D:10:     layout_irregular_city, orc_0_dummy
D:11:     wad_cavern_with_rooms, layout_basic, lair_entry_dummy,
          minmay_shop_mayhem, uniq_erica, uniq_maurice, uniq_sonja, uniq_harold
D:12:     evilmike_diamond_2, layout_loops_ring
D:13:     minmay_goldmine, layout_cross, ximxim_vaults_locker_room, uniq_azrael
D:14:     layout_stronghold, enter_bailey_1, nicolae_uskayaw_en_pointe,
          serial_shops, shop, minmay_misc_feat_x, nicolae_water_bricks
D:15:     grunt_enter_depths_magical_seal, layout_loops_ring,
          minmay_stone_trees_small, ebering_ghost_rock_garden
Temple:   jpeg_temple_island
Lair:1:   layout_roguey [special_room_bee], grunt_megastairs_3
Lair:2:   layout_gridlike, grunt_megastairs_4, uniq_nergalle
Lair:3:   layout_chaotic_city
Lair:4:   layout_regular_city, minmay_swamp_entry_wisps, spider_nest_entry_a
Lair:5:   layout_cave_pods, slime_altar_1, amcnicky_mini_pool_medium,
          grunt_megastairs_5
Lair:6:   cheibrodos_lair_end_hotspot, layout_gridlike
Spider:1: layout_spider_delve, nzn_ghost_randoct, uniq_agnes, uniq_donald
Orc:1:    layout_caves, serial_shops, nicolae_shop_statue_plus, basic_altar,
          minmay_orc_temple_a
Orc:2:    grunt_orc_cross, layout_caves, nicolae_volcano_entry_s_turn,
          serial_shops, shop, uniq_urug
Elf:1:    eino_elf_arrival_altar, layout_rooms, kennysheep_underground_church,
          evilmike_ambush [evilmike_ambush_outer_basic,
          evilmike_ambush_inner_basic]

Skill      XL: |  1  2  3  4  5  6  7  8  9 10 11 12 13 14 15 |
---------------+----------------------------------------------+-----
Shields        | 4 5 7 8 9 12 15 | 15.0
Armour         | 4 5 6 7 10 | 10.6
Axes           | 3 4 5 6 7 9 11 13 17 18 | 18.0
Fighting       | 4 5 6 8 9 11 14 | 14.5
Dodging        | 1 2 3 4 6 |  6.3
Evocations     | 3 4 6 7 8 10 | 10.0
Invocations    | 3 7 8 |  8.9
Throwing       | 1 |  1.7
Long Blades    | |  0.8
Stealth        | |  0.8

Action                   |  1- 3 |  4- 6 |  7- 9 | 10-12 | 13-15 | 16-18 || total
-------------------------+-------+-------+-------+-------+-------+-------++-------
Melee: War axe           |    65 |    55 |   349 |   209 |       |       ||   678
       Headbutt          |     6 |     8 |    49 |    99 |   388 |     5 ||   555
       Broad axe         |       |       |       |   335 |  1143 |    11 ||  1489
       Scimitar          |       |       |       |     4 |    26 |       ||    30
Throw: Dart              |       |       |     5 |     1 |     5 |       ||    11
       Javelin           |       |       |     1 |     5 |     4 |       ||    10
       Boomerang         |       |       |       |       |     2 |       ||     2
Invok: Divine Shield     |       |       |       |     5 |    28 |     1 ||    34
       Cleansing Flame   |       |       |       |       |     2 |     1 ||     3
Evoke: Wand              |       |       |     3 |    21 |     9 |       ||    33
       Box of beasts     |       |       |       |       |     1 |       ||     1
  Use: Scroll            |       |     3 |     7 |    14 |    11 |     1 ||    36
       Potion            |       |     3 |     3 |     2 |     8 |     2 ||    18
Armor: Scale mail        |    29 |    35 |    22 |       |       |       ||    86
       Leather armour    |       |       |    72 |    14 |       |       ||    86
       Plate armour      |       |       |       |   122 |       |       ||   122
       Chain mail        |       |       |       |    58 |   316 |    13 ||   387
Dodge: Dodged            |    26 |     7 |   198 |   264 |   343 |    26 ||   864
Block: Kite shield       |    23 |    31 |   189 |   431 |   740 |    44 ||  1458
       Rpst.: Scimitar   |       |       |       |       |     2 |       ||     2
